 Dungeon Crawl Stone Soup version 0.17.1-3-g152610e (webtiles) character file.

264 kaze the Archer (level 5, -6/34 HPs)
             Began as a High Elf Hunter on Apr 13, 2016.
             Mangled by a gnoll
             ... wielding a +0 flail
              (8 damage)
             ... on level 3 of the Dungeon.
             The game lasted 00:05:17 (2592 turns).

kaze the Archer (High Elf Hunter)                   Turns: 2592, Time: 00:05:17

Health: -6/34      AC:  7    Str: 11    XL:     5   Next: 98%
Magic:  6/6        EV: 13    Int: 14    God:
Gold:   55         SH:  0    Dex: 17    Spells: 0 memorised, 4 levels left

rFire  . . .     SeeInvis +     b - +0 war axe
rCold  . . .     Clarity  .     c - +0 leather armour
rNeg   . . .     SustAt   .     (no shield)
rPois  .         Gourm    .     s - +2 helmet
rElec  .         Spirit   .     (no cloak)
rCorr  .         Warding  .     (no gloves)
rMut   .         Stasis   .     k - +0 pair of boots
MR     .....                    (no amulet)
Stlth  ++........               (no ring)
                                l - ring of see invisible

@: not resistant to hostile enchantments, unstealthy
A: no striking features
a: no special abilities


You were on level 3 of the Dungeon.
You were not hungry.

You visited 1 branch of the dungeon, and saw 3 of its levels.

You collected 55 gold pieces.

Inventory:

Hand Weapons
 a - a +1 shortbow
 b - a +0 war axe (weapon)
Missiles
 d - 2 arrows
 x - 5 poisoned needles
Armour
 c - a +0 leather armour (worn)
 k - a +0 pair of boots (worn)
 s - a +2 helmet (worn)
 v - a +0 scale mail
Jewellery
 l - a ring of see invisible (left hand)
Wands
 r - a wand of magic darts (38)
Scrolls
 f - a scroll of enchant weapon {unknown}
 g - a scroll of blinking {unknown}
 i - a scroll of fear {unknown}
 j - a scroll of random uselessness {unknown}
 m - a scroll of magic mapping {unknown}
 o - a scroll of fog {unknown}
 q - a scroll of identify {unknown}
 w - a scroll of teleportation {unknown}
 y - 2 scrolls of enchant armour {unknown}
 z - a scroll of remove curse {unknown}
Potions
 h - 3 potions of heal wounds {unknown}
 n - a potion of cancellation {unknown}
 p - 3 potions of ambrosia {unknown}
 t - a potion of might {unknown}
 u - 5 potions of curing {unknown}
Comestibles
 e - 4 bread rations


   Skills:
 + Level 2.2 Fighting
   Level 0.2 Short Blades
 + Level 8.8 Bows
 + Level 1.1 Armour
 + Level 2.8 Dodging
 + Level 1.5 Stealth


You had 4 spell levels left.
You didn't know any spells.

Dungeon Overview and Level Annotations

Branches:
Dungeon (3/15)

Altars:
Ru


Message History

b - a +0 war axe (weapon)
You hit the gnoll but do no damage.
The gnoll is moderately wounded.
The gnoll hits you but does no damage.
You hit the gnoll but do no damage.
The gnoll is moderately wounded.
The gnoll hits you with a flail.
* * * LOW HITPOINT WARNING * * *
The gnoll hits you with a flail.
* * * LOW HITPOINT WARNING * * *
You barely miss the gnoll.
The gnoll is moderately wounded.
The gnoll barely misses you.
You hit the gnoll but do no damage.
The gnoll is moderately wounded.
The gnoll closely misses you.
You hit the gnoll.
The gnoll is severely wounded.
The gnoll hits you with a flail!
You die...

###########.........###
#(##......# #>#########
#(##### ###(....#
#.(...#.# #.###.# ##g#
.# #@.# .. #### ##


You could see a gnoll.

Vanquished Creatures
  An ogre (D:3)
  Terence (D:2)
  Robin (D:2)
  6 adders
  2 gnolls (D:3)
  An ooze (D:1)
  A worm (D:3)
  2 giant geckos
  6 bats
  4 giant cockroaches
  13 goblins
  15 hobgoblins
  4 kobolds
  A quokka (D:2)
  2 ball pythons
  2 giant newts
  11 rats
73 creatures vanquished.

Notes
Turn   | Place    | Note
--------------------------------------------------------------
     0 | D:1      | kaze the High Elf Hunter began the quest for the Orb.
     0 | D:1      | Reached XP level 1. HP: 14/14 MP: 2/2
   377 | D:1      | Reached XP level 2. HP: 19/19 MP: 3/3
   760 | D:1      | Reached skill level 6 in Bows
  1216 | D:2      | Reached XP level 3. HP: 24/24 MP: 4/4
  1266 | D:2      | Found a sacrificial altar of Ru.
  1404 | D:2      | Noticed Robin
  1423 | D:2      | Killed Robin
  1511 | D:2      | Noticed Terence
  1527 | D:2      | Killed Terence
  1527 | D:2      | Reached skill level 7 in Bows
  1527 | D:2      | Reached XP level 4. HP: 10/29 MP: 5/5
  2448 | D:3      | Reached XP level 5. HP: 34/34 MP: 6/6
  2536 | D:3      | Reached skill level 8 in Bows
  2552 | D:3      | Noticed an ogre
  2582 | D:3      | Killed an ogre
  2582 | D:3      | Reached skill level 1 in Armour
  2589 | D:3      | HP: 1/34 [gnoll/flail (1)]
  2592 | D:3      | Mangled by a gnoll

Action                   |  1- 3 |  4- 6 || total
-------------------------+-------+-------++-------
Melee: Short sword       |    10 |       ||    10
       War axe           |       |     5 ||     5
 Fire: Shortbow          |   106 |    97 ||   203
  Eat: Bread ration      |       |     1 ||     1
